 Dungeon Crawl Stone Soup version 0.23-a0-607-g760965b (webtiles) character file.

508 EvilAliv3 the Slasher (level 7, -13/37 HPs)
             Began as a Vine Stalker Fighter on Dec 20, 2018.
             Was a Believer of Zin.
             Mangled by a hornet (14 damage)
             ... on level 5 of the Dungeon.
             The game lasted 00:28:34 (3250 turns).

EvilAliv3 the Slasher (Vine Stalker Fighter)        Turns: 3250, Time: 00:28:34

Health: -13/37     AC:  6    Str: 20    XL:     7   Next: 18%
Magic:  0/8        EV: 13    Int:  8    God:    Zin [**....]
Gold:   207        SH: 10    Dex: 19    Spells: 6/6 levels left

rFire    . . .     SeeInvis .   a - +0 long sword
rCold    . . .     Gourm    .   c - +0 shield
rNeg     . . .     Faith    .   o - +0 ring mail (curse)
rPois    .         Spirit   +   p - +0 helmet
rElec    .         Reflect  .   (no cloak)
rCorr    .         Harm     .   (no gloves)
MR       .....                  (no boots)
Stlth    ++........             (no amulet)
HPRegen  0.52/turn              (no ring)
MPRegen  0.11/turn              (no ring)

@: agile, lethally poisoned (-13 -> -18), slowed, very slow
A: fangs 2, regeneration 1, magic shield, antimagic bite, no potion heal 3, rot
immunity
a: Recite, Vitalisation, Donate Gold, Renounce Religion


You were on level 5 of the Dungeon.
You worshipped Zin.
Zin was pleased with you.
You were not hungry.

You visited 1 branch of the dungeon, and saw 5 of its levels.

You collected 245 gold pieces.
You spent 14 gold pieces at shops.
You donated 24 gold pieces to Zin.

Inventory:

Hand Weapons
 a - a +0 long sword (weapon)
 b - a +0 hunting sling
Missiles
 e - 52 arrows
 k - 136 stones (quivered)
 l - 43 bolts
 t - 42 sling bullets
Armour
 c - a +0 shield (worn)
 m - a +0 scale mail
 o - a cursed +0 ring mail (worn)
 p - a +0 helmet (worn)
 u - a +0 plate armour
Jewellery
 w - an uncursed ring of wizardry {unknown}
Scrolls
 h - a scroll of remove curse {unknown}
 n - a scroll of enchant armour {unknown}
 r - 6 scrolls of teleportation
 s - 2 scrolls of identify
Potions
 d - 2 potions of might
 j - 2 potions of mutation
 q - a potion of degeneration {unknown}
 v - a potion of curing {unknown}
Comestibles
 f - 4 rations
 g - a chunk of flesh


   Skills:
 + Level 4.2 Fighting
 * Level 5.0 Long Blades
 - Level 2.4 Armour
 + Level 4.2 Shields
 * Level 0.3 Invocations


You had 6 spell levels left.
You didn't know any spells.
Your spell library contained the following spells:

 Spells                   Type           Power        Failure   Level  Hunger
 Animate Skeleton         Necr           N/A          96%         1    ##.....
 Pain                     Necr           #...         96%         1    ##.....
 Regeneration             Chrm/Necr      #.........   100%        3    ####...
 Vampiric Draining        Necr           #.........   100%        3    ####...
 Animate Dead             Necr           N/A          100%        4    #####..


Dungeon Overview and Level Annotations

Branches:
Dungeon (5/15)
 Temple: D:4-7

Altars:
Ashenzari
Gozag
Qazlal
Sif Muna
Zin

Shops:
D:4 ?


Innate Abilities, Weirdness & Mutations

You have extremely sharp teeth.
Your natural rate of healing is unusually fast.
When hurt, damage is shared between your health and your magic reserves.
Your bite disrupts and absorbs the magic of your enemies.
Potions cannot restore your health.
You are immune to rotting.


Message History

The hornet is lightly wounded.
You feel sick. The hornet stings you.
You feel as though you will be slow longer.
The hornet stings you.
You feel as though you will be slow longer.
The hornet stings you!
* * * LOW HITPOINT WARNING * * *
You feel as though you will be slow longer.
You feel agile all of a sudden.
You feel sick.
The hornet stings you but does no damage.
You block the hornet's attack.
You closely miss the hornet.
The hornet is lightly wounded.
You feel sick. The hornet stings you!
* * * LOW HITPOINT WARNING * * *
You are more poisoned.
You feel as though you will be slow longer.
The hornet stings you!
You die...

+ .. # .. .##
####### ..# #
..#..8# # #.#.#
....._# #.##.#.#
..#..8# #......#
################y###
##.......# #@#
##...####.####.#
###...........##.#
.###...####.#.##.#
..........#.#.##)#
.####.###........#
## #.#####.#.####
#.......#.#
#.........#


You could see a hornet.

Vanquished Creatures
  A howler monkey (D:5)
  A crimson imp (D:5)
  A hound (D:4)
  An orc priest (D:4)
  2 orc wizards
  An iguana (D:4)
  3 worker ants
  Robin (D:2)
  A howler monkey skeleton (D:4)
  4 gnolls (D:4)
  4 adders
  A shadow imp (D:5)
  An ooze (D:1)
  2 worms
  2 dart slugs
  A leopard gecko (D:5)
  13 orcs
  9 bats
  3 giant cockroaches
  18 goblins
  10 hobgoblins
  8 kobolds
  3 quokkas
  4 frilled lizards
  A quokka zombie (D:5)
  10 rats
106 creatures vanquished.

Notes
Turn   | Place    | Note
-------+----------+-------------------------------------------
     0 | D:1      | EvilAliv3 the Vine Stalker Fighter began the quest for the
                  | Orb.
     0 | D:1      | Reached XP level 1. HP: 11/11 MP: 2/2
    52 | D:1      | Reached skill level 2 in Long Blades
    99 | D:1      | Reached XP level 2. HP: 13/16 MP: 3/3
   233 | D:1      | Reached XP level 3. HP: 20/20 MP: 4/4
   418 | D:2      | Noticed Robin
   879 | D:2      | Reached skill level 3 in Long Blades
   879 | D:2      | Gained mutation: Your natural rate of healing is unusually
                  | fast. [Vine Stalker growth]
   879 | D:2      | Reached XP level 4. HP: 24/24 MP: 5/5
   887 | D:2      | Killed Robin
   965 | D:2      | Noticed an angel
   966 | D:2      | Found a glowing silver altar of Zin.
   971 | D:2      | Became a worshipper of Zin the Law-Giver
   971 | D:2      | Reached * piety under Zin
  1010 | D:2      | Found a deep blue altar of Sif Muna.
  1233 | D:2      | Found a shattered altar of Ashenzari.
  1515 | D:3      | Reached XP level 5. HP: 28/28 MP: 6/6
  1945 | D:3      | Found a faded altar of an unknown god.
  2109 | D:4      | Reached ** piety under Zin
  2145 | D:4      | Noticed an ogre
  2364 | D:4      | Found a stormy altar of Qazlal.
  2448 | D:4      | Reached skill level 4 in Long Blades
  2540 | D:4      | Reached XP level 6. HP: 33/33 MP: 7/7
  2646 | D:4      | Found Cogi's Magic Scroll Shop.
  2665 | D:4      | Bought a scroll of random uselessness for 14 gold pieces
  2953 | D:5      | Entered Level 5 of the Dungeon
  3126 | D:5      | Found an opulent altar of Gozag.
  3168 | D:5      | Reached XP level 7. HP: 37/37 MP: 8/8
  3201 | D:5      | Reached skill level 5 in Long Blades
  3217 | D:5      | Noticed a hornet
  3250 | D:5      | HP: 1/37 [hornet (5)]
  3250 | D:5      | Mangled by a hornet

Vault maps used:
D:1:      mrwooster_arrival_statue_3, supply_closet_lemuel
D:2:      lemuel_doored_altar, zin_angel, lemuel_coloured_pillars_altar,
          uniq_robin
D:3:      minmay_angry_zag, chequers_ecumenical_altar_twisty, minivault_27
D:4:      serial_shops, shop, nicolae_qazlal_general_emergency
D:5:      grunt_gozag_breadcrumbs, chequers_temple_overflow_minitemple,
          nicolae_dithmenos_the_darkroom, first_ration, minmay_checkerbox

Skill      XL: |  1  2  3  4  5  6  7 |
---------------+----------------------+-----
Long Blades    | 2 3 4 5 |  5.0
Fighting       | 3 4 |  4.2
Shields        | 3 4 |  4.2
Armour         | |  2.4
Invocations    | |  0.3

Action                   |  1- 3 |  4- 6 |  7- 9 || total
-------------------------+-------+-------+-------++-------
Melee: Long sword        |    87 |   172 |    17 ||   276
       Bite              |    22 |    72 |     8 ||   102
 Fire: Hunting sling     |       |     4 |       ||     4
  Use: Scroll            |       |     4 |       ||     4
       Potion            |       |       |     1 ||     1
 Stab: Distracted        |       |     1 |       ||     1
  Eat: Chunk             |       |     7 |     1 ||     8
Armor: Scale mail        |    25 |       |       ||    25
       Ring mail         |     3 |    48 |     5 ||    56
Dodge: Dodged            |    29 |    41 |     3 ||    73
Block: Shield            |    33 |    62 |     4 ||    99
       Rpst.: Long sword |    11 |    11 |     1 ||    23

Table legend:
 A = Non-vault XP
 B = Vault XP
 C = Vault XP percentage of total XP
 D = Non-vault monster count
 E = Vault monster count
 F = Vault count percentage of total count
                 A         B        C        D         E       F
            +---------+---------+-------+---------+---------+-------
      Total |     681 |      45 |   6.2 |      91 |      15 |  14.2
            +---------+---------+-------+---------+---------+-------
        D:1 |      60 |      10 |  14.3 |      28 |       5 |  15.2
        D:2 |      60 |      25 |  29.4 |      19 |       6 |  24.0
        D:3 |      44 |       4 |   8.3 |      16 |       2 |  11.1
        D:4 |     324 |       0 |   0.0 |      19 |       0 |   0.0
        D:5 |     193 |       6 |   3.0 |       9 |       2 |  18.2
            +---------+---------+-------+---------+---------+-------
